 Dungeon Crawl Stone Soup version 0.20.0-15-g7f486f2 (webtiles) character file.

69 Chiseanne the Magician (level 4, 18/30 HPs)
             Began as a Demonspawn Wizard on June 15, 2017.
             Quit the game on level 2 of the Dungeon.
             The game lasted 00:02:37 (1829 turns).

Chiseanne the Magician (Demonspawn Wizard)          Turns: 1829, Time: 00:02:38

Health: 18/30      AC:  6    Str:  7    XL:     4   Next: 2%
Magic:  1/9        EV: 12    Int: 20    God:
Gold:   103        SH:  0    Dex: 12    Spells: 7/10 levels left

rFire    . . .     SeeInvis .   j - +0 mace
rCold    . . .     Gourm    .   (no shield)
rNeg     . . .     Faith    .   a - +0 robe
rPois    .         Spirit   .   m - +0 helmet
rElec    .         Reflect  .   (no cloak)
rCorr    .         Harm     .   (no gloves)
MR       .....                  f - +2 pair of boots
Stlth    ++........             (no amulet)
Regen    0.1/turn               (no ring)
MPRegen  0.2/turn               (no ring)

@: very slightly contaminated
A: claws 1, powered by pain 1
a: no special abilities


You were on level 2 of the Dungeon.
You were not hungry.

You visited 1 branch of the dungeon, and saw 2 of its levels.

You collected 103 gold pieces.

Inventory:

Hand Weapons
 g - a +0 club
 i - a +0 whip
 j - a +0 mace (weapon)
Missiles
 e - 27 poisoned needles
 h - 116 stones (quivered)
 l - 8 tomahawks
Armour
 a - a +0 robe (worn)
 f - a +2 pair of boots (worn)
 m - a +0 helmet (worn)
Jewellery
 r - a +5 ring of protection {unknown}
Scrolls
 b - a scroll of recharging
 p - a scroll of blinking {unknown}
 t - a scroll of amnesia {unknown}
Potions
 n - a potion of degeneration {unknown}
 o - 3 potions of curing
 q - 2 potions of brilliance
 s - a potion of haste {unknown}
Books
 c - a book of Minor Magic

   Spells                             Type                      Level
   a - Magic Dart                     Conjuration                  1
   b - Blink                          Translocation                2
   c - Call Imp                       Summoning                    2
   d - Slow                           Hexes                        2
   e - Conjure Flame                  Conjuration/Fire             3
   f - Mephitic Cloud                 Conjuration/Poison/Air       3
Comestibles
 d - a bread ration
 k - 2 chunks of flesh


   Skills:
 - Level 1.7 Dodging
 - Level 1.7 Stealth
 * Level 3.7 Spellcasting
 * Level 3.1 Conjurations
   Level 1.0 Summonings
 - Level 0.8 Translocations


You had 7 spell levels left.
You knew the following spells:

 Your Spells              Type           Power        Failure   Level  Hunger
a - Magic Dart            Conj           ###.         3%          1    None
b - Blink                 Tloc           N/A          14%         2    ##.....


Dungeon Overview and Level Annotations

Branches:
Dungeon (2/15)

Altars:
Elyvilon


Innate Abilities, Weirdness & Mutations

You have sharp fingernails.
You sometimes gain a little power by taking damage.


Message History

You hit the worm.
The worm is moderately wounded.
The worm barely misses you.
You hit the worm.
The worm is moderately wounded.
The worm bites you.
You hit the worm.
The worm is heavily wounded.
The worm bites you.
You hit the worm.
The worm is heavily wounded.
The worm bites you!
You hit the worm.
The worm is almost dead.
You hit the worm.
You kill the worm!
You have reached level 4!
You feel agile.
Your demonic ancestry asserts itself...
Your fingernails lengthen.
Are you sure you want to abandon this character and quit the game? (Confirm with "yes".)

.......##..#≈..♣..≈#..##
...##.##..............#.
.> #....#...♣._.♣......
. #.#####.............
#. ##≈..♣..≈#....
#≈≈...≈≈#.... .
###...#####..
....########............
..).†.†@.(........###...
....############### #...
. #..) ##.. #.. #.. #..
##. ##


There were no monsters in sight!

Vanquished Creatures
  4 adders (D:2)
  A worm (D:2)
  A ball python (D:1)
  3 giant cockroaches (D:1)
  5 goblins
  A hobgoblin (D:2)
  8 kobolds
  5 bats
  5 rats
33 creatures vanquished.

Vanquished Creatures (others)
  A hobgoblin (D:2)
1 creature vanquished.

Grand Total: 34 creatures vanquished

Notes
Turn   | Place    | Note
-------+----------+-------------------------------------------
     0 | D:1      | Chiseanne the Demonspawn Wizard began the quest for the Orb.
     0 | D:1      | Reached XP level 1. HP: 13/13 MP: 4/4
   619 | D:1      | Gained mutation: You sometimes gain a little power by taking damage. [demonic ancestry]
   619 | D:1      | Reached XP level 2. HP: 17/19 MP: 0/6
  1196 | D:1      | Learned a level 2 spell: Blink
  1406 | D:2      | Reached XP level 3. HP: 24/24 MP: 0/7
  1488 | D:2      | Found a white marble altar of Elyvilon.
  1828 | D:2      | Gained mutation: You have sharp fingernails. [demonic ancestry]
  1828 | D:2      | Reached XP level 4. HP: 18/30 MP: 1/9
  1829 | D:2      | Quit the game

Skill      XL: |  1  2  3 |
---------------+----------+-----
Conjurations   | 2 3 |  3.1
Dodging        | |  1.7
Stealth        | |  1.7
Spellcasting   | |  3.7
Summonings     | |  1.0
Translocations | |  0.8

Action                   |  1- 3 |  4- 6 || total
-------------------------+-------+-------++-------
Melee: Unarmed           |    24 |       ||    24
       Mace              |     8 |       ||     8
 Cast: Magic Dart        |    85 |       ||    85
  Use: Scroll            |     4 |       ||     4
  Eat: Chunk             |     3 |       ||     3
Armor: Robe              |    18 |       ||    18
Dodge: Dodged            |    38 |       ||    38
